[Event "Titled Tuesday Blitz November 15 Late 2022"]
[White "Tan, Zhongyi"]
[Black "Kollars, Dmitrij"]
[WhiteFideId "8603642"]
[BlackFideId "12909572"]
[WhiteElo "2510"]
[BlackElo "2584"]
[Result "0-1"]
[Round "05"]
[TimeControl "180+1"]
[Date "2022.11.15"]
[WhiteClock "0:00:05"]
[BlackClock "0:00:10"]

1. d4 Nf6 2. c4 e6 3. Nc3 Bb4 4. e3 O-O 5. Bd3 c5 6. Nf3 b6 7. O-O Bb7 8. Na4 cxd4 9. exd4 Re8 10. a3 Bf8 11. b4 Bxf3 12. Qxf3 Nc6 13. Bb2 d5 14. Rad1 dxc4 15. Bxc4 Nd5 16. Nc3 Nce7 17. Bb5 Nxc3 18. Bxc3 Nd5 19. Bxe8 Qxe8 20. Bd2 g6 21. h4 Bg7 22. h5 Bxd4 23. Bg5 Bb2 24. Rfe1 Qc6 25. Bc1 Bh8 26. Re2 Rc8 27. Bb2 Bxb2 28. Rxb2 Qc3 29. hxg6 hxg6 30. Rb3 Qe5 31. Rbd3 Kg7 32. Qg3 Nf4 33. Re3 Ne2+ 34. Rxe2 Qxe2 35. Qd3 Qh5 36. Qd4+ e5 37. Qd5 Rh8 38. Kf1 Qf5 39. g3 Rc8 40. Re1 Rc2 41. Qxe5+ Qxe5 42. Rxe5 Rc3 43. Re3 Rxe3 44. fxe3 Kf6 45. Ke2 Ke5 46. Kd3 Kf5 47. Ke2 Kg4 48. Kf2 f5 49. b5 Kh3 50. Kf3 g5 51. a4 g4+ 52. Kf4 Kg2 53. Kxf5 Kxg3 54. e4 Kf3 55. e5 g3 56. e6 g2 57. e7 g1=Q 58. e8=Q Qg4+ 59. Kf6 Qxa4 60. Qc6+ Ke3 61. Ke6 Kd3 62. Kd6 Qf4+ 63. Kd7 Qf7+ 64. Kc8 Kd4 65. Kb8 Qe7 66. Ka8 Ke5 67. Kb8 Kd4 68. Ka8 Qf7 69. Kb8 Qg7 70. Ka8 Qe7 71. Kb8 Qf7 72. Ka8 Qe7 73. Kb8 Qg7 74. Ka8 Qh7 75. Kb8 Kd3 76. Ka8 Qg7 77. Kb8 Qa1 78. Kb7 Qa5 79. Kb8 Kd4 80. Kb7 Ke3 81. Kb8 Kd3 82. Kb7 Kd4 83. Kb8 a6 84. Qd6+ Kc4 85. Qc6+ Kb4 86. bxa6 Qxa6 87. Kc7 Qa7+ 88. Kd6 Qb8+ 89. Kd5 Qg8+ 90. Ke5 Qg5+ 91. Kd4 Qd2+ 92. Ke5 Qc3+ 0-1


[Site "https://www.chess.com"]

[Event "Titled Tuesday Blitz November 15 Late 2022"]
[White "Terry, Renato"]
[Black "Fernandez De La Vara, Arnaldo"]
[WhiteFideId "3803457"]
[BlackFideId "3518388"]
[WhiteElo "2577"]
[BlackElo "2387"]
[Result "1-0"]
[Round "05"]
[TimeControl "180+1"]
[Date "2022.11.15"]
[WhiteClock "0:01:36"]
[BlackClock "0:00:06"]

1. d4 c5 2. d5 Nf6 3. Nc3 d6 4. e4 a6 5. a4 g6 6. Be2 Bg7 7. Nf3 O-O 8. Nd2 Nbd7 9. Nc4 Ne8 10. O-O Nc7 11. a5 Rb8 12. Na4 Nf6 13. f3 Bd7 14. Nab6 Bb5 15. c3 Nd7 16. Nxd7 Qxd7 17. Nb6 Qe8 18. Bg5 Na8 19. Nc4 Qd7 20. Qd2 Rfe8 21. Rfd1 Ba4 22. Rdb1 Bb5 23. Ne3 Bxe2 24. Qxe2 Nc7 25. Nc4 Qb5 26. Kf1 Rbd8 27. Ra3 h6 28. Bh4 g5 29. Bg3 f5 30. exf5 Rf8 31. Ne3 c4 32. Rd1 b6 33. axb6 Qxb6 34. Nxc4 Qb5 35. Ne3 Qb6 36. Bf2 Qb7 37. Kg1 Rb8 38. Rd2 Rf7 39. g4 Be5 40. Bg3 Bf4 41. c4 Na8 42. Bxf4 gxf4 43. Ng2 Nb6 44. Nxf4 Rc8 45. b3 Qc7 46. Ne6 Qd7 47. Qe3 Qb7 48. Qxh6 Nxc4 49. Qg6+ Kh8 50. Qxf7 Qb6+ 51. Rd4 1-0


[Site "https://www.chess.com"]

[Event "Titled Tuesday Blitz November 15 Late 2022"]
[White "Tomiello, Lucas Costamilan"]
[Black "Martinez Alcantara, Jose Eduardo"]
[WhiteFideId "22701940"]
[BlackFideId "3805662"]
[WhiteElo "2085"]
[BlackElo "2705"]
[Result "0-1"]
[Round "05"]
[TimeControl "180+1"]
[Date "2022.11.16"]
[WhiteClock "0:00:05"]
[BlackClock "0:01:20"]

1. e4 c5 2. Nf3 d6 3. d4 cxd4 4. Nxd4 a6 5. Nc3 e6 6. Be2 b5 7. a3 Bb7 8. O-O Nd7 9. f4 Ngf6 10. Bf3 Qc7 11. Qe2 Be7 12. Kh1 O-O 13. g4 Nc5 14. g5 Nfd7 15. f5 exf5 16. exf5 Rae8 17. Qg2 Bxf3 18. Rxf3 Bd8 19. Bf4 Ne5 20. Rg3 Qb7 21. Nd5 Qc8 22. f6 g6 23. h4 Ne6 24. Bxe5 dxe5 25. Nxe6 Qxe6 26. h5 e4 27. Ne3 Bc7 28. Rh3 Bf4 29. hxg6 fxg6 30. Rf1 Bxe3 31. Rxe3 Qd5 32. Rfe1 Re5 33. Rxe4 Rxg5 34. Qf3 Rf5 35. Qb3 Qxb3 36. cxb3 R5xf6 37. Re6 Kg7 38. Rxf6 Rxf6 39. Re7+ Rf7 40. Re6 Rf2 41. Rxa6 Rxb2 42. b4 h5 43. Ra5 Ra2 44. Rxb5 Rxa3 45. Kg2 Kh6 46. Rc5 Rb3 47. b5 h4 48. Kh2 g5 49. Kh1 Kh5 50. Kh2 Rb2+ 51. Kg1 h3 52. Kh1 Kh4 53. Rc4+ g4 54. Rc8 Rb1+ 0-1


[Site "https://www.chess.com"]

[Event "Titled Tuesday Blitz November 15 Late 2022"]
[White "Toncheva, Nadya"]
[Black "Li, Xueyi"]
[WhiteFideId "2924056"]
[BlackFideId "8605912"]
[WhiteElo "2101"]
[BlackElo "2197"]
[Result "0-1"]
[Round "05"]
[TimeControl "180+1"]
[Date "2022.11.16"]
[WhiteClock "0:00:03"]
[BlackClock "0:01:02"]

1. e4 c5 2. Nf3 d6 3. d4 cxd4 4. Nxd4 Nf6 5. Nc3 Nc6 6. Bg5 e6 7. Qd2 a6 8. O-O-O Bd7 9. f4 Be7 10. Nf3 b5 11. a3 b4 12. axb4 Nxb4 13. Bxf6 gxf6 14. f5 Qa5 15. Kb1 O-O 16. g4 Rfc8 17. g5 Kh8 18. g6 fxg6 19. fxg6 Bf8 20. h4 Be8 21. gxh7 Bg7 22. Bh3 f5 23. e5 dxe5 24. Ng5 e4 25. Nxe6 Rxc3 26. Nxg7 Qa2+ 0-1


[Site "https://www.chess.com"]

[Event "Titled Tuesday Blitz November 15 Late 2022"]
[White "Torres Dominguez, David"]
[Black "Vujic, Mihailo"]
[WhiteFideId "2220857"]
[BlackFideId "918873"]
[WhiteElo "2037"]
[BlackElo "2256"]
[Result "1-0"]
[Round "05"]
[TimeControl "180+1"]
[Date "2022.11.16"]
[WhiteClock "0:01:31"]
[BlackClock "0:01:48"]

1. e4 e5 2. Bc4 Nc6 3. Nc3 Nf6 4. d3 Bc5 5. f4 d6 6. Nf3 a6 7. Qe2 Bg4 8. Be3 Bxe3 9. Qxe3 Bxf3 10. Qxf3 Nd4 11. Qf2 Ng4 12. Qd2 exf4 13. O-O g5 14. a3 Ne3 15. Bxf7+ Kxf7 16. Qxe3 Nxc2 17. Qh3 Nxa1 18. g3 Qf6 19. Nd5 Qd4+ 20. Kh1 Qxd3 21. Qf5+ Kg7 22. Qxg5+ Kf7 23. Qf6+ Ke8 24. Qe7# 1-0


[Site "https://www.chess.com"]

[Event "Titled Tuesday Blitz November 15 Late 2022"]
[White "Tristan, Leonardo"]
[Black "Jiang, Andrew"]
[WhiteFideId "113816"]
[BlackFideId "30953510"]
[WhiteElo "2461"]
[BlackElo "1868"]
[Result "1-0"]
[Round "05"]
[TimeControl "180+1"]
[Date "2022.11.16"]
[WhiteClock "0:00:19"]
[BlackClock "0:00:58"]

1. d4 d5 2. Nf3 Nf6 3. Bf4 e6 4. e3 c5 5. Nbd2 Bd6 6. Bb5+ Nc6 7. Bg3 a6 8. Bxc6+ bxc6 9. c3 O-O 10. Qa4 Bxg3 11. hxg3 Qd6 12. Qa3 Nd7 13. Nb3 e5 14. dxe5 Nxe5 15. Nxe5 Qxe5 16. Qxc5 Bd7 17. Qd4 Qe7 18. Qh4 Qxh4 19. Rxh4 Rab8 20. Nc5 Bc8 21. b4 a5 22. a4 Bf5 23. Rd4 Ra8 24. g4 Bg6 25. Kd2 f5 26. gxf5 Bxf5 27. g4 Bg6 28. f4 Rfb8 29. f5 Bf7 30. Kc2 Re8 31. Re1 axb4 32. cxb4 g6 33. Kb3 gxf5 34. gxf5 Re5 35. f6 Rf5 36. Rg1+ Kf8 37. Rg7 Rxf6 38. Rxh7 Ke7 39. a5 Rf3 40. a6 Rxe3+ 41. Ka4 Re1 42. Rf4 Rf8 43. Ka5 d4 44. a7 d3 45. Nxd3 Re3 46. Nc5 Ke8 47. a8=Q+ Ke7 48. Qb7+ Kd6 49. Qd7+ Ke5 50. Qd4# 1-0


[Site "https://www.chess.com"]

[Event "Titled Tuesday Blitz November 15 Late 2022"]
[White "Urazayev, Arystanbek"]
[Black "Tsydypov, Zhamsaran"]
[WhiteFideId "13709810"]
[BlackFideId "4108566"]
[WhiteElo "2441"]
[BlackElo "2591"]
[Result "0-1"]
[Round "05"]
[TimeControl "180+1"]
[Date "2022.11.15"]
[WhiteClock "0:00:04"]
[BlackClock "0:00:11"]

1. e4 c5 2. Nf3 d6 3. d4 cxd4 4. Qxd4 e5 5. Bb5+ Nc6 6. Qd3 a6 7. Bxc6+ bxc6 8. c4 Ne7 9. Nc3 Ng6 10. O-O Be7 11. Be3 O-O 12. Rfd1 f5 13. Ne1 f4 14. Bd2 Be6 15. f3 Qb6+ 16. Kh1 Nh4 17. b3 Rf6 18. Qe2 Rg6 19. Na4 Qa7 20. c5 dxc5 21. Ba5 Rb8 22. Qf2 Rb5 23. Bd8 Rh6 24. Rd2 Ng6 25. Bxe7 Qxe7 26. Rad1 Nf8 27. Rd8 c4 28. bxc4 Bxc4 29. Nb6 Be6 30. a4 Rb3 31. a5 Rb5 32. Nc8 Qc7 33. Na7 Rxa5 34. Qd2 Ra2 35. Qb4 c5 36. Qb8 Qxb8 37. Rxb8 Kf7 38. Nc6 Nd7 39. Rd8 Re2 40. Nd3 c4 41. Ndxe5+ Nxe5 42. Nxe5+ Kf6 43. Nd7+ Kg5 44. Nc5 Bf7 45. h3 Kh4 46. Rf8 Bh5 47. Rxf4+ Kg3 48. Rf5 Rxg2 49. Rg5+ Kxh3 50. Rxg2 Bxf3 51. Kg1 Bxg2 52. Rc1 Rg6 53. Kf2 Rf6+ 54. Ke3 Rf3+ 55. Kd4 c3 56. e5 Rf4+ 57. Ke3 Rc4 58. Nd3 g5 59. Nf2+ Kg3 60. e6 Rc6 61. e7 Re6+ 62. Kd4 Kxf2 63. Rc2+ Kg1 64. Rc1+ Kh2 65. Rc2 Rxe7 0-1


[Site "https://www.chess.com"]

[Event "Titled Tuesday Blitz November 15 Late 2022"]
[White "Vlassov, Nikolai"]
[Black "Brown, Andrew"]
[WhiteFideId "4103360"]
[BlackFideId "3206513"]
[WhiteElo "2324"]
[BlackElo "2245"]
[Result "0-1"]
[Round "05"]
[TimeControl "180+1"]
[Date "2022.11.16"]
[WhiteClock "0:00:08"]
[BlackClock "0:00:08"]

1. e4 g6 2. Nc3 Bg7 3. h4 h5 4. Nf3 c6 5. Bc4 b5 6. Bb3 b4 7. Ne2 a5 8. a3 Na6 9. axb4 axb4 10. d4 e6 11. e5 Ne7 12. O-O Bb7 13. Be3 Nc7 14. Rxa8 Qxa8 15. Ng3 c5 16. dxc5 Bxf3 17. Qxf3 Qxf3 18. gxf3 Bxe5 19. Ra1 O-O 20. Ne4 Bxb2 21. Ra7 Ned5 22. Bxd5 Nxd5 23. Rxd7 Rc8 24. Rxf7 Rxc5 25. Bxc5 Kxf7 26. Kf1 Bf6 27. Bd6 Bxh4 28. Nc5 Be7 29. Bxe7 Kxe7 30. Nd3 Kf6 31. Kg2 Kf5 32. Kg3 g5 33. Kh3 Nf4+ 0-1


[Site "https://www.chess.com"]

[Event "Titled Tuesday Blitz November 15 Late 2022"]
[White "Wadsworth, Matthew J"]
[Black "Goltsev, Dmitry"]
[WhiteFideId "415804"]
[BlackFideId "24176710"]
[WhiteElo "2367"]
[BlackElo "2289"]
[Result "1-0"]
[Round "05"]
[TimeControl "180+1"]
[Date "2022.11.16"]
[WhiteClock "0:00:21"]
[BlackClock "0:01:06"]

1. c4 Nf6 2. g3 Nc6 3. Bg2 g6 4. Nc3 Bg7 5. Nf3 O-O 6. O-O e5 7. d3 d6 8. Rb1 a5 9. a3 Bf5 10. b4 axb4 11. axb4 e4 12. Nh4 exd3 13. Nxf5 dxe2 14. Nxe2 gxf5 15. b5 Ne5 16. Nd4 Ne4 17. Qc2 Qf6 18. Nxf5 Qxf5 19. Qxe4 Qxe4 20. Bxe4 Nxc4 21. Bxb7 Ra2 22. Bd5 Rc2 23. Bxc4 Rxc4 24. Be3 Ra8 25. Rfc1 Raa4 26. Rxc4 Rxc4 27. b6 cxb6 28. Rxb6 Be5 29. Kg2 d5 30. Rb5 f6 31. Rxd5 Kf7 32. Rd7+ Kg6 33. h4 h5 34. Rd8 Rc2 35. Rh8 Rc6 36. Rh6+ Kg7 37. Rxh5 Rc3 38. g4 Kg6 39. Rh6+ Kg7 40. g5 f5 41. Re6 Bc7 42. Bd4+ Kf7 43. Rf6+ 1-0


[Site "https://www.chess.com"]

[Event "Titled Tuesday Blitz November 15 Late 2022"]
[White "Ward, Ieuan C"]
[Black "Sanchez Enriquez, Oscar Gerardo"]
[WhiteFideId "406627"]
[BlackFideId "5106311"]
[WhiteElo "2341"]
[BlackElo "2375"]
[Result "0-1"]
[Round "05"]
[TimeControl "180+1"]
[Date "2022.11.16"]
[WhiteClock "0:00:13"]
[BlackClock "0:00:53"]

1. e4 d6 2. d4 Nf6 3. Nc3 g6 4. Be2 Bg7 5. Be3 c6 6. f3 Qa5 7. Qd2 h5 8. Nh3 Bxh3 9. gxh3 Nbd7 10. O-O-O b5 11. a3 Nb6 12. Kb1 Nc4 13. Bxc4 bxc4 14. Nd5 Qxd2 15. Nxf6+ Bxf6 16. Rxd2 d5 17. e5 Bg7 18. Bg5 e6 19. Ka2 Rb8 20. b3 Kd7 21. Rb1 Rb5 22. bxc4 dxc4 23. f4 Rhb8 24. Rxb5 Rxb5 25. Re2 c3 26. Bh4 Rb2+ 27. Ka1 Bf8 28. Be1 Bxa3 29. Bxc3 Rb5 30. Ka2 Be7 31. Bb2 c5 32. c4 Ra5+ 33. Kb3 Kc6 34. Ba3 Ra6 35. Rd2 Rb6+ 36. Kc2 Ra6 37. d5+ Kb6 38. Bb2 Ra4 39. Kb3 Rb4+ 40. Kc3 Ra4 41. d6 Bd8 42. Kb3 Rb4+ 43. Kc3 Ra4 44. Kb3 Rb4+ 45. Kc2 Kc6 46. Kc3 Ba5 47. Kd3 Rb3+ 48. Kc2 Rxb2+ 49. Kxb2 Bxd2 0-1


[Site "https://www.chess.com"]

[Event "Titled Tuesday Blitz November 15 Late 2022"]
[White "Xiong, Jeffery"]
[Black "Pichot, Alan"]
[WhiteFideId "2047640"]
[BlackFideId "110973"]
[WhiteElo "2725"]
[BlackElo "2560"]
[Result "1-0"]
[Round "05"]
[TimeControl "180+1"]
[Date "2022.11.15"]
[WhiteClock "0:00:05"]
[BlackClock "0:00:03"]

1. d4 Nf6 2. c4 e6 3. Nc3 Bb4 4. Nf3 b6 5. Qc2 Bb7 6. a3 Bxc3+ 7. Qxc3 O-O 8. e3 d6 9. Be2 Nbd7 10. O-O Qe7 11. b4 a5 12. Bb2 Ne4 13. Qc2 f5 14. Ne1 Ng5 15. f3 axb4 16. axb4 Rxa1 17. Bxa1 e5 18. dxe5 dxe5 19. c5 bxc5 20. bxc5 Bd5 21. Nd3 c6 22. Nb4 e4 23. f4 Ne6 24. Nxd5 cxd5 25. c6 Rc8 26. Rd1 Qd6 27. Qa2 Nb6 28. Bb5 Qc5 29. Qb3 h6 30. Be5 Kh7 31. h3 Ra8 32. Bb2 Ra5 33. Be2 Qxc6 34. Rc1 Rc5 35. Rxc5 Qxc5 36. Kh2 Nc4 37. Bxc4 dxc4 38. Qc3 Qc7 39. Qb4 Kg8 40. Be5 Qc5 41. Qb8+ Kf7 42. Qb7+ Kf8 43. Qd7 Qb6 44. Bd6+ Kg8 45. Qxe6+ Kh7 46. Qxf5+ Kg8 47. Qc8+ Kh7 48. Qf5+ Kh8 49. Bc5 Qc6 50. Bd4 Qc7 51. Qxe4 c3 52. Qc2 1-0


[Site "https://www.chess.com"]

[Event "Titled Tuesday Blitz November 15 Late 2022"]
[White "Yano, William Jorge Froes"]
[Black "Souleidis, Georgios"]
[WhiteFideId "2112949"]
[BlackFideId "4206827"]
[WhiteElo "2122"]
[BlackElo "2401"]
[Result "1-0"]
[Round "05"]
[TimeControl "180+1"]
[Date "2022.11.16"]
[WhiteClock "0:00:17"]
[BlackClock "0:00:03"]

1. e4 c5 2. Nf3 e6 3. c3 d5 4. e5 d4 5. Bd3 Nc6 6. Be4 Nge7 7. O-O Qc7 8. Qe2 Bd7 9. Re1 Rd8 10. d3 Ng6 11. cxd4 cxd4 12. Na3 Bb4 13. Nb5 Qb8 14. Bd2 Be7 15. Bxg6 hxg6 16. Nbxd4 Nxd4 17. Nxd4 O-O 18. Bf4 Ba4 19. Nf3 Bb5 20. Red1 Rd5 21. Qe4 Rfd8 22. d4 Bc6 23. Qe2 a6 24. h4 R5d7 25. Be3 Bd5 26. Ng5 Rc7 27. Rac1 Rdc8 28. b3 Rxc1 29. Rxc1 Rxc1+ 30. Bxc1 Qc7 31. Qb2 Qc6 32. f3 Bb4 33. Be3 a5 34. Kh2 b6 35. Qe2 b5 36. Qd3 Bf8 37. Qd2 a4 38. bxa4 bxa4 39. Qa5 Qc4 40. Qa7 1-0


[Site "https://www.chess.com"]

[Event "Titled Tuesday Blitz November 15 Late 2022"]
[White "Young, Ryan"]
[Black "Kujawski, Adam"]
[WhiteFideId "2049945"]
[BlackFideId "1100920"]
[WhiteElo "2294"]
[BlackElo "2053"]
[Result "1-0"]
[Round "05"]
[TimeControl "180+1"]
[Date "2022.11.16"]
[WhiteClock "0:00:15"]
[BlackClock "0:00:44"]

1. e4 e5 2. Nf3 Nc6 3. d4 exd4 4. Nxd4 Bb4+ 5. c3 Bc5 6. Be3 Bb6 7. Bc4 Nf6 8. f3 d5 9. exd5 Qe7 10. Kf2 Nxd4 11. Bxd4 O-O 12. Bxb6 axb6 13. Re1 Qd6 14. Kg1 b5 15. Bb3 Bf5 16. Na3 Qc5+ 17. Qd4 Qxd4+ 18. cxd4 c6 19. Rac1 b4 20. Nc4 Nxd5 21. Nd6 Be6 22. Nxb7 Nf4 23. Bxe6 fxe6 24. Rxc6 Rxa2 25. Rc2 Nd3 26. Rd1 Nxb2 27. Rb1 Nd3 28. Rxa2 Rb8 29. Nc5 Nf4 30. Rab2 Nd5 31. Nxe6 Kf7 32. Nc5 g5 33. Nd3 Kf6 34. Nxb4 Rd8 35. Nxd5+ Rxd5 36. Rb6+ Kg7 37. Rb7+ Kg6 38. R1b6+ Kh5 39. Rb4 h6 40. R7b5 Rd8 41. d5 Ra8 42. Rd4 Ra1+ 43. Kf2 Ra2+ 44. Kg3 Ra3 45. d6 Kg6 46. d7 h5 47. Rb6+ Kf5 48. d8=Q h4+ 49. Kh3 g4+ 50. Rxg4 Rxf3+ 51. gxf3 1-0


[Site "https://www.chess.com"]

[Event "Titled Tuesday Blitz November 15 Late 2022"]
[White "Yuan, Qingyu"]
[Black "Bluebaum, Matthias"]
[WhiteFideId "8609772"]
[BlackFideId "24651516"]
[WhiteElo "2359"]
[BlackElo "2633"]
[Result "0-1"]
[Round "05"]
[TimeControl "180+1"]
[Date "2022.11.15"]
[WhiteClock "0:00:01"]
[BlackClock "0:00:30"]

1. e4 e6 2. d4 d5 3. e5 c5 4. c3 Nc6 5. Nf3 Nge7 6. Na3 Bd7 7. Nc2 Qa5 8. Bd2 Qb6 9. Be2 Nf5 10. dxc5 Bxc5 11. O-O Qxb2 12. Rb1 Qxa2 13. Bb5 Qa5 14. c4 Qc7 15. cxd5 exd5 16. Bf4 Be6 17. Ncd4 Nxd4 18. Nxd4 O-O 19. Nxe6 fxe6 20. Bg3 Nd4 21. Bd3 Nf5 22. Bf4 b6 23. Qg4 Qf7 24. g3 a5 25. h4 a4 26. h5 a3 27. Ra1 Ra4 28. Ra2 Nh6 29. Qh3 Rxf4 30. gxf4 Qxf4 31. Qxe6+ Kh8 32. Qxd5 Qg3+ 33. Kh1 Qh3+ 34. Kg1 Rf4 35. Qa8+ Ng8 36. Be4 Rh4 37. Rd1 Qg4+ 38. Kf1 Qxd1+ 39. Kg2 Qg4+ 40. Kf1 Qxe4 41. Qxe4 Rxe4 42. Rd2 Rd4 43. Re2 Ra4 0-1


[Site "https://www.chess.com"]

[Event "Titled Tuesday Blitz November 15 Late 2022"]
[White "Zhalmakhanov, Ramazan"]
[Black "Suleymanli, Suleyman"]
[WhiteFideId "13706357"]
[BlackFideId "13416375"]
[WhiteElo "2405"]
[BlackElo "2204"]
[Result "1-0"]
[Round "05"]
[TimeControl "180+1"]
[Date "2022.11.16"]
[WhiteClock "0:02:19"]
[BlackClock "0:01:28"]

1. d4 d5 2. Bf4 Nf6 3. Nc3 c6 4. e3 Bf5 5. Nf3 e6 6. Ne5 Bd6 7. g4 Bg6 8. h4 h5 9. Nxg6 fxg6 10. g5 Ng8 11. Ne2 Ne7 12. Bh3 Nf5 13. Bxd6 Qxd6 14. Nf4 Kf7 15. c3 Nd7 16. Qf3 e5 17. Nxg6 Qxg6 18. Bxf5 Qd6 19. Bxd7+ Ke7 20. Bh3 Raf8 21. Qg3 e4 22. Qxd6+ Kxd6 23. Ke2 g6 24. Raf1 Rf7 25. f4 Rhf8 26. Rc1 b5 27. a4 bxa4 28. Ra1 Rb7 29. Ra2 Rfb8 30. Rb1 a3 31. b4 a5 32. Rxa3 axb4 33. Rxb4 Rxb4 34. cxb4 Rxb4 35. Ra7 Rb2+ 36. Kd1 Rb1+ 37. Kc2 Rh1 38. Rd7# 1-0


[Site "https://www.chess.com"]

[Event "Titled Tuesday Blitz November 15 Late 2022"]
[White "Zhurbinsky, David"]
[Black "Haszon, David"]
[WhiteFideId "2072904"]
[BlackFideId "733610"]
[WhiteElo "2544"]
[BlackElo "2211"]
[Result "0-1"]
[Round "05"]
[TimeControl "180+1"]
[Date "2022.11.16"]
[WhiteClock "0:00:17"]
[BlackClock "0:00:16"]

1. e4 c5 2. Nf3 d6 3. d4 cxd4 4. Nxd4 Nf6 5. f3 a6 6. c4 e5 7. Nc2 Be7 8. Nc3 O-O 9. Be3 Be6 10. Be2 Nfd7 11. O-O f5 12. exf5 Rxf5 13. Bd3 Rf8 14. Be4 Nc6 15. b3 Nf6 16. Bd3 Kh8 17. Qe2 d5 18. cxd5 Nxd5 19. Nxd5 Qxd5 20. Rad1 Qa5 21. a4 Bxb3 22. Rb1 Qxa4 23. Kh1 Bf6 24. g3 Nd4 25. Bxd4 exd4 26. Qe4 g6 27. Ne1 b6 28. Ng2 Rae8 29. Qb7 b5 30. Nf4 Bc2 31. Ra1 Qb3 32. Bxc2 Qxc2 33. Rxa6 d3 34. Rc6 Qb3 35. Rc7 Qg8 36. Nxd3 Rb8 37. Qc6 b4 38. Nf4 b3 39. Nd5 b2 40. Rb1 Bg7 41. Kg2 Rfe8 42. Nf6 Re2+ 43. Kf1 Qe6 44. Qxe6 Rxe6 45. Ne4 Ra6 46. Rc2 Ra1 47. Nd2 h5 48. Ke2 Re8+ 49. Kd1 Rd8 50. Ke2 Rxd2+ 51. Kxd2 Rxb1 52. Rc8+ Kh7 53. Rb8 Rh1 54. Kc2 Rxh2+ 55. Kb1 Rh3 56. g4 h4 57. f4 Rh1+ 58. Kc2 b1=Q+ 59. Rxb1 Rxb1 60. Kxb1 h3 61. f5 h2 62. f6 Bxf6 63. Kc2 h1=Q 64. g5 Bxg5 65. Kd3 Qd5+ 66. Kc3 Qd2+ 67. Kc4 Bh6 68. Kc5 Qd3 69. Kb4 Qc2 70. Kb5 Qc3 71. Ka4 Qb2 72. Ka5 g5 73. Ka6 g4 74. Ka7 Kg7 75. Ka8 Kf7 76. Ka7 Ke7 77. Ka8 Kd7 78. Ka7 Kc7 79. Ka6 Bd2 80. Ka7 Qb7# 0-1


[Site "https://www.chess.com"]

[Event "Titled Tuesday Blitz November 15 Late 2022"]
[White "Zwirs, Nico"]
[Black "Megalios, Konstantinos"]
[WhiteFideId "1036432"]
[BlackFideId "4238044"]
[WhiteElo "2381"]
[BlackElo "2277"]
[Result "1-0"]
[Round "05"]
[TimeControl "180+1"]
[Date "2022.11.16"]
[WhiteClock "0:00:16"]
[BlackClock "0:00:03"]

1. e4 c6 2. d4 d5 3. exd5 cxd5 4. c4 Nf6 5. Nc3 Nc6 6. Bg5 Be6 7. a3 g6 8. Bxf6 exf6 9. Be2 Bh6 10. Bf3 Ne7 11. c5 Kf8 12. Nge2 Kg7 13. h4 Re8 14. h5 Qd7 15. Qa4 Qxa4 16. Nxa4 g5 17. g3 g4 18. Bg2 Nc6 19. Nac3 Rad8 20. Rd1 f5 21. O-O Ne7 22. Nf4 Ng8 23. Ncxd5 Rd7 24. Rfe1 Kf8 25. Nc3 Bb3 26. Rxe8+ Kxe8 27. Re1+ Kd8 28. d5 Bf8 29. d6 Nf6 30. Ncd5 Bxd5 31. Bxd5 Nxd5 32. Nxd5 b6 33. b4 bxc5 34. bxc5 Bxd6 35. cxd6 Rxd6 36. Re5 Ra6 37. Rxf5 Rxa3 38. Rxf7 a5 39. Rxh7 Rd3 40. Nf4 Rd2 41. Ra7 Ra2 42. h6 1-0


[Site "https://www.chess.com"]

[Event "Titled Tuesday Blitz November 15 Late 2022"]
[White "chess50years"]
[Black "Bogaudinov, Rushan"]
[BlackFideId "4129288"]
[WhiteElo "2150"]
[BlackElo "1997"]
[Result "0-1"]
[Round "05"]
[TimeControl "180+1"]
[Date "2022.11.16"]
[WhiteClock "0:01:01"]
[BlackClock "0:00:59"]

1. c4 c5 2. Nc3 Nc6 3. g3 g6 4. Bg2 Bg7 5. e3 Nf6 6. Nge2 O-O 7. O-O e6 8. d4 cxd4 9. Nxd4 Nxd4 10. exd4 d5 11. cxd5 Nxd5 12. Nxd5 exd5 13. Be3 Be6 14. Qb3 Qd7 15. Rac1 Rfc8 16. Rfe1 h5 17. h4 Bf6 18. Qd3 Kg7 19. Qd2 Qa4 20. a3 Qb3 21. Rxc8 Rxc8 22. Rc1 Rc4 23. Rxc4 Qxc4 24. Bf1 Qa4 25. Be2 Bf5 26. Bf3 Qb3 27. Qc3 Qxc3 28. bxc3 Be6 29. a4 Bd8 30. Be2 Ba5 31. Bd2 Kf6 32. Bf3 Ke7 33. Kf1 Kd6 34. Ke2 Bd7 35. Bxd5 Kxd5 36. c4+ Kxd4 37. Bxa5 Bxa4 38. Bc7 Kxc4 39. Kd2 b5 40. Ba5 b4 41. Bc7 Bb3 42. Kc1 Kb5 43. Kb2 Bd5 44. Be5 a5 45. Bf4 a4 46. Bd2 a3+ 47. Kc1 b3 0-1


[Site "https://www.chess.com"]

[Event "Titled Tuesday Blitz November 15 Late 2022"]
[White "vjecspec"]
[Black "Ardila, Oscar Humberto"]
[BlackFideId "4404742"]
[WhiteElo "2528"]
[BlackElo "1959"]
[Result "1-0"]
[Round "05"]
[TimeControl "180+1"]
[Date "2022.11.16"]
[WhiteClock "0:00:26"]
[BlackClock "0:00:06"]

1. e4 e5 2. Nf3 Nf6 3. Nc3 Nc6 4. a3 Be7 5. Bc4 d6 6. d3 O-O 7. h3 Be6 8. O-O Bxc4 9. dxc4 Qd7 10. Qd3 Rfe8 11. Nd5 h6 12. b4 Nd8 13. Bb2 Ne6 14. Bc1 Rad8 15. Be3 a6 16. Rad1 Qc8 17. Rfe1 Nxd5 18. cxd5 Nf8 19. c4 Qd7 20. c5 Ng6 21. Rc1 dxc5 22. bxc5 Qa4 23. Rc4 Qd7 24. Rd1 Bf8 25. Qc2 Rb8 26. a4 Nf4 27. Bxf4 exf4 28. e5 Rbd8 29. c6 bxc6 30. Rxc6 Rc8 31. Rxa6 Ra8 32. Rc6 Reb8 33. Rxc7 Qxa4 34. Qxa4 Rxa4 35. d6 Rd8 36. Rdc1 g5 37. Rc8 Ra8 38. Rxa8 Rxa8 39. Rd1 Rd8 40. Nd4 Kg7 41. Nc6 Rd7 42. Nb8 Rb7 43. d7 Be7 44. Nc6 Kf8 45. d8=Q+ Bxd8 46. Rxd8+ Kg7 47. Rd6 Rb1+ 48. Kh2 Re1 49. g3 f3 50. g4 h5 51. gxh5 Re2 52. Kg3 Re4 53. Kxf3 Rf4+ 54. Kg3 Rc4 55. h6+ Kh7 56. Rf6 Rc5 57. Rxf7+ Kxh6 58. Rf6+ Kg7 59. f3 Rc1 60. Nd4 Rd1 61. Nf5+ Kh7 62. Rh6+ Kg8 63. Rg6+ Kf7 64. Rxg5 Ke6 65. Ne3 Re1 66. Ng4 Rg1+ 67. Kf4 Rh1 68. Rg6+ Kf7 69. Kf5 Rxh3 70. f4 Rh4 71. e6+ Ke7 72. Rg7+ Kf8 73. Rf7+ Ke8 74. Nf6+ Kd8 75. e7+ 1-0


[Site "https://www.chess.com"]

[Event "Titled Tuesday Blitz November 15 Late 2022"]
[White "Adury, Anant"]
[Black "Poliakova, Varvara"]
[WhiteFideId "30964687"]
[BlackFideId "13518313"]
[WhiteElo "2262"]
[BlackElo "2099"]
[Result "0-1"]
[Round "06"]
[TimeControl "180+1"]
[Date "2022.11.16"]
[WhiteClock "0:02:06"]
[BlackClock "0:01:58"]

1. Nf3 f5 2. g3 Nf6 3. Bg2 d6 4. O-O e5 5. c4 g6 6. Nc3 Bg7 7. d3 O-O 8. Bg5 h6 9. Bxf6 Qxf6 10. Ne1 f4 11. Nc2 Nc6 12. b4 Ne7 13. Rb1 h5 14. c5 h4 15. cxd6 cxd6 16. b5 hxg3 17. fxg3 Qg5 18. Ne4 Qh5 19. e3 Bg4 20. Bf3 fxg3 21. hxg3 0-1


[Site "https://www.chess.com"]

[Event "Titled Tuesday Blitz November 15 Late 2022"]
[White "Aggelis, Nikolaos"]
[Black "Bach, Matthias"]
[WhiteFideId "4213220"]
[BlackFideId "4603168"]
[WhiteElo "2189"]
[BlackElo "2165"]
[Result "1-0"]
[Round "06"]
[TimeControl "180+1"]
[Date "2022.11.16"]
[WhiteClock "0:00:32"]
[BlackClock "0:00:08"]

1. Nf3 c5 2. g3 d5 3. Bg2 e6 4. O-O Nc6 5. d4 Nf6 6. c4 Be7 7. cxd5 exd5 8. dxc5 Bxc5 9. Nc3 d4 10. Na4 Be7 11. Bg5 O-O 12. Rc1 h6 13. Bxf6 Bxf6 14. Nc5 Qe7 15. Qd2 Re8 16. Rfe1 Bf5 17. b4 Rad8 18. b5 Ne5 19. Nxe5 Qxe5 20. Nxb7 Rb8 21. Bc6 Bh3 22. Nc5 Red8 23. Nd3 Qe7 24. Qb4 Qxb4 25. Nxb4 Bg5 26. Rcd1 Bg4 27. a4 Bf6 28. Nd5 Be5 29. Nb4 Rd6 30. Bf3 Bxf3 31. exf3 Bf6 32. Nc6 Ra8 33. f4 a6 34. Rb1 d3 35. Red1 d2 36. Kf1 axb5 37. axb5 Re8 38. Na5 Bc3 39. Nc4 Rd5 40. Ne3 Rd3 41. Ke2 Red8 42. Rb3 1-0


[Site "https://www.chess.com"]